 Dungeon Crawl Stone Soup version 0.17.1-3-g152610e (webtiles) character file.

464 Alarkh the Ruffian (level 6, -1/47 HPs)
             Began as a Draconian Transmuter on Apr 25, 2016.
             Was a Follower of Okawaru.
             Slain by manyhoops's ghost (5 damage)
             ... on level 4 of the Dungeon.
             The game lasted 00:06:16 (3741 turns).

Alarkh the Ruffian (Draconian Transmuter)           Turns: 3741, Time: 00:06:17

Health: -1/47      AC:  7    Str: 13    XL:     6   Next: 80%
Magic:  1/9        EV: 19    Int: 15    God:    Okawaru [*.....]
Gold:   189        SH:  0    Dex: 16    Spells: 2 memorised, 5 levels left

rFire  . . .     SeeInvis .       - Unarmed
rCold  . . .     Clarity  .     (armour unavailable)
rNeg   . . .     SustAt   .     (shield currently unavailable)
rPois  x         Gourm    .     (helmet currently unavailable)
rElec  .         Spirit   .     (cloak currently unavailable)
rCorr  .         Warding  .     (gloves currently unavailable)
rMut   .         Stasis   .     (boots currently unavailable)
MR     ++...                    (no amulet)
Stlth  +.........               u - +5 ring of protection
                                i - ring of protection from magic

@: spider-form (expiring), flying (expiring), very slightly contaminated, very
resistant to hostile enchantments, very unstealthy
A: unfitting armour, magic resistance 1, (cold-blooded), AC +6
a: End Transformation, Heroism, Renounce Religion


You were on level 4 of the Dungeon.
You worshipped Okawaru.
Okawaru was aware of your devotion.
You were not hungry.
You were a venomous arachnid creature.
You visited 1 branch of the dungeon, and saw 5 of its levels.

You collected 189 gold pieces.

Inventory:

Missiles
 a - 12 arrows
Jewellery
 i - a ring of protection from magic (left front leg)
 u - a +5 ring of protection (right front leg)
Scrolls
 d - 3 scrolls of enchant weapon {unknown}
 f - 2 scrolls of noise {unknown}
 n - a scroll of remove curse {unknown}
 o - 5 scrolls of magic mapping {unknown}
 s - a scroll of teleportation {unknown}
 t - 4 scrolls of identify {unknown}
 v - 2 scrolls of immolation {unknown}
Potions
 h - 2 potions of curing
 q - 2 potions of magic
 x - a potion of brilliance {unknown}
Books
 b - a book of Changes

   Spells                             Type                      Level
   a - Beastly Appendage              Transmutation                1
   b - Sticks to Snakes               Transmutation                2
   c - Spider Form                    Transmutation/Poison         3
   d - Ice Form                       Ice/Transmutation            4
   e - Blade Hands                    Transmutation                5
Comestibles
 c - 9 bread rations
 g - 3 beef jerkies
 j - 6 fruits
 m - 2 meat rations
 p - a slice of pizza
 w - 2 chunks of flesh


   Skills:
 - Level 1.1 Fighting
 - Level 1.7 Dodging
 + Level 7.8 Unarmed Combat
 - Level 2.0 Spellcasting
 - Level 2.0 Transmutations


You had 5 spell levels left.
You knew the following spells:

 Your Spells              Type           Power        Failure   Level  Hunger
a - Beastly Appendage     Trmt           #.....       28%         1    #......
b - Spider Form           Trmt/Pois      #.........   65%         3    ###....


Dungeon Overview and Level Annotations

Branches:
Dungeon (5/15)
 Temple: D:4-7

Altars:
Okawaru
Sif Muna

Annotations:
D:4 manyhoops's ghost, amateur DsGl


Innate Abilities, Weirdness & Mutations

((Your plain brown scales are hard (AC +6).))
Your body does not fit into most forms of armour.
((You are cold-blooded and may be slowed by cold attacks.))
You are resistant to hostile enchantments.


Message History

Manyhoops's ghost hits you!
* * * LOW HITPOINT WARNING * * *
You hit manyhoops's ghost but do no damage.
Manyhoops's ghost is severely damaged.
Manyhoops's ghost hits you.
* * * LOW HITPOINT WARNING * * *
You hit manyhoops's ghost.
Manyhoops's ghost is severely damaged.
Manyhoops's ghost misses you.
You hit manyhoops's ghost but do no damage.
Manyhoops's ghost is severely damaged.
Manyhoops's ghost hits you.
* * * LOW HITPOINT WARNING * * *
You hit manyhoops's ghost but do no damage.
Manyhoops's ghost is severely damaged.
Manyhoops's ghost misses you.
You hit manyhoops's ghost.
Manyhoops's ghost is almost destroyed.
Manyhoops's ghost hits you.
You die...

#.......#......#...........
#..[....##.....##......##..
##.......##.....##......##..
+........##.....##......####
##.......##.....##......#...
#......................'...
#.......##.<...#########...
#.......##.....##......#...
#........##s######......#...
##.......##W....##......#...
#..............'.......#...
...............#.......#...
...............#######'#...
../.....##.....#...........
#.......##.....#........###
#.?.....##.....#........#
...............#........#


You could see manyhoops's ghost.

Vanquished Creatures
  An ogre (D:5)
  3 hounds
  2 orc wizards
  A worker ant (D:4)
  A killer bee zombie (D:5)
  6 adders
  2 gnolls (D:3)
  A shadow imp (D:5)
  An ooze (D:2)
  2 worms (D:4)
  6 giant geckos
  11 orcs
  8 bats
  7 giant cockroaches
  6 hobgoblins
  A quokka (D:3)
  A giant gecko skeleton (D:4)
  5 giant newts
  3 goblins
  6 jackals
  A jackal skeleton (D:4)
  5 kobolds
  A quokka skeleton (D:5)
  7 rats
88 creatures vanquished.

Notes
Turn   | Place    | Note
--------------------------------------------------------------
     0 | D:1      | Alarkh the Draconian Transmuter began the quest for the Orb.
     0 | D:1      | Reached XP level 1. HP: 16/16 MP: 3/3
   207 | D:1      | Reached XP level 2. HP: 18/23 MP: 5/5
   518 | D:1      | Reached skill level 4 in Unarmed Combat
   967 | D:2      | Reached XP level 3. HP: 19/28 MP: 6/6
   993 | D:2      | Learned a level 3 spell: Spider Form
  1167 | D:2      | Found a deep blue altar of Sif Muna.
  1741 | D:3      | Reached XP level 4. HP: 33/35 MP: 5/7
  1942 | D:3      | Reached skill level 5 in Unarmed Combat
  1961 | D:3      | Found an iron altar of Okawaru.
  1970 | D:3      | Became a worshipper of Warmaster Okawaru
  2163 | D:3      | Reached XP level 5. HP: 25/40 MP: 1/8
  2474 | D:4      | Noticed manyhoops's ghost (amateur DsGl)
  2582 | D:5      | Entered Level 5 of the Dungeon
  2709 | D:5      | Reached skill level 6 in Unarmed Combat
  2870 | D:5      | Noticed an ogre
  2896 | D:5      | Killed an ogre
  2896 | D:5      | Reached skill level 7 in Unarmed Combat
  2896 | D:5      | Reached XP level 6. HP: 34/47 MP: 1/9
  3146 | D:5      | Reached * piety under Okawaru
  3699 | D:4      | Gained mutation: You are resistant to hostile enchantments. [potion of beneficial mutation]
  3741 | D:4      | Slain by manyhoops's ghost

Action                   |  1- 3 |  4- 6 || total
-------------------------+-------+-------++-------
Melee: Unarmed           |   165 |   191 ||   356
 Cast: Beastly Appendage |    24 |     5 ||    29
       Spider Form       |       |    14 ||    14
  Use: Potion            |     1 |     7 ||     8
 Stab: Sleeping          |     2 |       ||     2
  Eat: Chunk             |     3 |    10 ||    13
